 Dungeon Crawl Stone Soup version 0.23-a0-394-g6ce9549 (webtiles) character file.

291 Cryolive the Digger (level 6, -4/33 HPs)
             Began as a Gargoyle Earth Elementalist on Oct 31, 2018.
             Killed by divine providence
             ... invoked by an orc priest
              (8 damage)
             ... on level 3 of the Dungeon.
             The game lasted 00:05:43 (3147 turns).

Cryolive the Digger (Gargoyle Earth Elementalist)   Turns: 3147, Time: 00:05:44

Health: -4/33      AC:  6    Str: 12    XL:     6   Next: 32%
Magic:  14/20      EV: 12    Int: 17    God:
Gold:   195        SH:  0    Dex: 10    Spells: 3/12 levels left

rFire    . . .     SeeInvis .   o - +0 flail
rCold    . . .     Gourm    .   (no shield)
rNeg     + . .     Faith    .   c - +0 robe
rPois    ∞         Spirit   .   (no helmet)
rElec    +         Reflect  .   (no cloak)
rCorr    .         Harm     .   (no gloves)
MR       .....                  (no boots)
Stlth    +++.......             (no amulet)
HPRegen  0.11/turn              n - ring of stealth
MPRegen  0.17/turn              g - ring of magical power

@: no status effects
A: negative energy resistance 1, electricity resistance, unbreathing,
petrification resistance, rot immunity, AC +4
a: no special abilities


You were on level 3 of the Dungeon.
You were not hungry.

You visited 1 branch of the dungeon, and saw 3 of its levels.

You collected 195 gold pieces.

Inventory:

Hand Weapons
 o - a +0 flail (weapon)
Missiles
 b - 87 stones (quivered)
Armour
 c - a +0 robe (worn)
Jewellery
 g - a ring of magical power (right hand)
 n - a ring of stealth (left hand)
Scrolls
 a - 4 scrolls of remove curse
 e - 5 scrolls of identify {unknown}
 j - 4 scrolls of fear {unknown}
 m - a scroll of enchant armour {unknown}
Potions
 f - a potion of haste {unknown}
 h - a potion of brilliance {unknown}
 i - a potion of might {unknown}
 k - 2 potions of berserk rage {unknown}
 l - 2 potions of ambrosia {unknown}
Comestibles
 d - 3 rations


   Skills:
 + Level 0.9 Fighting
 + Level 0.9 Armour
 + Level 1.8 Dodging
 - Level 2.1 Stealth
 + Level 3.8 Spellcasting
 + Level 2.8 Conjurations
   Level 0.7 Transmutations
 + Level 5.6 Earth Magic


You had 3 spell levels left.
You knew the following spells:

 Your Spells              Type           Power        Failure   Level  Hunger
a - Sandblast             Erth           ###...       1%          1    None
b - Stone Arrow           Conj/Erth      ###...       9%          3    ###....
c - Lee's Rapid Deconstr  Erth           ###.......   41%         5    ######.

Your spell library contained the following spells:

 Spells                   Type           Power        Failure   Level  Hunger
 Passwall                 Tmut/Erth      ##......     7%          2    ##.....
 Petrify                  Tmut/Erth      ##......     41%         4    ####...


Dungeon Overview and Level Annotations

Branches:
Dungeon (3/15)

Altars:


Innate Abilities, Weirdness & Mutations

You are resistant to torment.
Your stone body is resilient. (AC +4)
You are immune to poison.
You resist negative energy. (rN+)
You are resistant to electric shocks. (rElec)
You can survive without breathing.
You are immune to petrification.
You are immune to rotting.


Message History

Aiming: Sandblast (safe; 1% risk of failure)
Press: ? - help, Shift-Dir - straight line, f/p - orc priest
Aim: an orc priest, wielding a +0 dagger and wearing a +0 chain mail The blast of sand misses the orc priest.
b - 88 stones The orc priest hits you with a +0 dagger.
Casting: Sandblast (safe; 1% risk of failure)
Confirm with . or Enter, or press ? or * to list all spells.
Aiming: Sandblast (safe; 1% risk of failure)
Press: ? - help, Shift-Dir - straight line, f/p - orc priest
Aim: an orc priest, wielding a +0 dagger and wearing a +0 chain mail The blast of sand hits the orc priest.
b - 87 stones The orc priest calls down the wrath of Beogh upon you.
Beogh smites you!
* * * LOW HITPOINT WARNING * * *
You hit the orc priest but do no damage.
The orc priest calls down the wrath of Beogh upon you.
Beogh smites you!
You die...

#######
#####?....#
o...........######
.####.####o@.....#
g!. #.#####)# #...
#..## #.# #...
#...# #.# .^..
#.#.# #.# .#..
#.#.# #.########
#.#.# #........#
#.#.# #........#
#.#.# #..<.....#


You could see an orc priest.

Vanquished Creatures
  Sigmund (D:2)
  Terence (D:3)
  An orc wizard (D:3)
  3 adders
  A dart slug (D:1)
  A ball python (D:1)
  2 giant cockroaches
  6 goblins
  6 hobgoblins
  5 jackals
  A quokka (D:3)
  6 bats
  2 frilled lizards
  5 kobolds (D:2)
  7 rats
48 creatures vanquished.

Notes
Turn   | Place    | Note
-------+----------+-------------------------------------------
     0 | D:1      | Cryolive the Gargoyle Earth Elementalist began the quest
                  | for the Orb.
     0 | D:1      | Reached XP level 1. HP: 10/10 MP: 3/3
   351 | D:1      | Reached skill level 4 in Earth Magic
   351 | D:1      | Reached XP level 2. HP: 3/15 MP: 1/5
  1064 | D:1      | Reached XP level 3. HP: 16/19 MP: 6/6
  1075 | D:1      | Learned a level 3 spell: Stone Arrow
  1232 | D:2      | Noticed Sigmund
  1241 | D:2      | Killed Sigmund
  1241 | D:2      | Reached skill level 5 in Earth Magic
  1241 | D:2      | Reached XP level 4. HP: 24/24 MP: 0/9
  1241 | D:2      | Reached XP level 5. HP: 28/28 MP: 0/10
  2122 | D:2      | Learned a level 5 spell: Lee's Rapid Deconstruction
  2186 | D:2      | Reached XP level 6. HP: 15/33 MP: 8/11
  2656 | D:3      | Noticed Terence
  2753 | D:3      | Killed Terence
  3147 | D:3      | Killed from afar by an orc priest

Vault maps used:
D:1:      dpeg_arrival_short_road, nrook_uturn, st_stairs_5
D:2:      first_ration, roderic_nine_men_s_morris, uniq_sigmund
D:3:      lemuel_round_altar, minivault_24, hex_large, lemuel_tele_altar,
          uniq_terence

Skill      XL: |  1  2  3 |
---------------+----------+-----
Earth Magic    | 4 5 |  5.6
Spellcasting   | 3 |  3.8
Conjurations   | 2 |  2.8
Fighting       | |  0.9
Armour         | |  0.9
Dodging        | |  1.8
Stealth        | |  2.1
Transmutations | |  0.7

Action                   |  1- 3 |  4- 6 || total
-------------------------+-------+-------++-------
Melee: Unarmed           |    51 |       ||    51
       Mace              |    42 |   130 ||   172
       Flail             |       |    13 ||    13
 Cast: Sandblast         |    12 |    23 ||    35
       Stone Arrow       |       |     2 ||     2
  Use: Scroll            |     1 |       ||     1
 Stab: Sleeping          |     2 |     4 ||     6
  Eat: Chunk             |     1 |     4 ||     5
       Ration            |       |     1 ||     1
Armor: Robe              |    40 |    58 ||    98
Dodge: Dodged            |    74 |   127 ||   201

Table legend:
 A = Non-vault XP
 B = Vault XP
 C = Vault XP percentage of total XP
 D = Non-vault monster count
 E = Vault monster count
 F = Vault count percentage of total count
                 A         B        C        D         E       F
            +---------+---------+-------+---------+---------+-------
      Total |     140 |     277 |  66.4 |      44 |       4 |   8.3
            +---------+---------+-------+---------+---------+-------
        D:1 |      32 |       3 |   8.6 |      17 |       2 |  10.5
        D:2 |      49 |     238 |  82.9 |      19 |       1 |   5.0
        D:3 |      59 |      36 |  37.9 |       8 |       1 |  11.1
            +---------+---------+-------+---------+---------+-------
